cohdb
Replays
Latest Replays
All Replays
Popular Replays
Top Player Replays
Match Explorer
How It Works
Community
CoH3 Stats
Reddit
Sign in to upload your games and track your stats! →
Sign in with Steam
Match 41166199
Unlisted
Match 41166199
Overview
Messages
Build Orders
End
Construct Infanterie Kompanie
Selects Terror Battlegroup
Grenadier Squad
GrW 34 Mortar Team
Grenadier Squad
Construct Panzergrenadier Kompanie
Selects Interrogate
251 Medium Carrier
Panzergrenadier Squad
Selects Heavy Gunnery
Panzergrenadier Squad
Support Elements
Medical Station
Selects Propaganda Leaflet Drop
Construct Panzer Kompanie
Stoßtruppen Squad
Stoßtruppen Squad
Panzer Officer Quarters
Medical Bunker
Panzer IV Medium Tank
Propaganda Leaflet Drop
Selects V1 Rocket Strike
V1 Rocket Strike
Mr Freemon
Master_Haski
gr8vibezZ
Sullivax
NebulaFeri
farjam4k
0
0
Comments
sign in to comment!
No comments posted yet!